Map: Gresvan LE

Players

Longhi

  • Race: Zerg Zerg
  • Spawn Location: 5:00

Oberg - Winner!

  • Race: Terran Terran
  • Spawn Location: 11:00

VOD

Have the link to the VOD?

Description

First game vs a human in sc2. abysmal worker production, feel lucky to win bcuz game plan of (2 base/5rax/ +1 atk bio build) was not followed and enemy eco was massive.

Time

  • Played on: Feb. 19, 2023, 6:22 a.m.
  • Length: 15:49
Show
View Real Time Build Order
Export as new Build Order

Longhi Zerg 

Build Orders: Hatch First 

Get SALT Encoding   

  12  0:01  Drone  
  13  0:26  Overlord  
  13  0:46  Drone x2  
  13  0:47  Hatchery  
  15  0:57  Drone  
  15  1:18  Spawning Pool  
  15  1:23  Drone x3  
  17  1:46  Extractor, Drone x2  
  18  1:57  Drone  
  19  2:02  Drone  
  19  2:08  Drone  
  21  2:15  Drone  
  22  2:24  Spine Crawler  
  22  2:27  Drone x2  
  23  2:30  Queen x2  
  23  2:36  Drone  
  28  2:40  Overlord  
  28  2:57  Roach Warren  
  27  3:01  Extractor  
  26  3:19  Overlord x2  
  26  3:20  Drone x2  
  26  3:21  Drone x2  
  30  3:34  Overlord  
  30  3:35  Drone  
  31  3:44  Drone x4  
  35  3:56  Lair  
  35  3:59  Drone x3  
  38  4:04  Extractor x2  
  36  4:34  Hatchery  
  35  4:41  Drone  
  35  4:42  Drone x6  
  35  4:43  Drone x3  
  45  5:11  Drone x5  
  50  5:21  Evolution Chamber  
  50  5:22  Drone x2  
  50  5:23  Evolution Chamber  
  50  5:24  Drone  
  50  5:25  Drone  
  52  5:47  Drone x2  
  52  5:48  Drone x6  
  60  5:50  Queen x3  
  66  6:02  Infestation Pit  
  65  6:12  Hydralisk Den  
  64  6:19  Drone x2  
  64  6:21  Overlord  
  64  6:22  Overlord x5  
  66  6:39  Queen x3  
  72  6:52  Roach x5  
  72  6:53  Roach x4  
  90  6:59  Spore Crawler  
  89  7:03  Spore Crawler  
  88  7:09  Spore Crawler  
  88  7:15  Roach x6  
  99  7:16  Roach x2  
  103  7:49  Ravager x5  
  103  7:50  Ravager x6  
  114  7:55  Overseer  
  114  8:32  Overseer  
  101  8:56  Roach x2  
  101  8:57  Roach x3  
  100  9:18  Spire  
  100  9:20  Spire  
  100  9:23  Drone x5  
  100  9:24  Drone x5  
  106  9:25  Drone x3  
  106  9:29  Roach  
  113  9:46  Overlord x3  
  113  9:52  Hatchery  
  112  9:53  Hatchery  
  111  10:21  Roach x9  
  129  10:29  Extractor  
  129  10:30  Extractor  
  129  10:34  Mutalisk  
  129  10:35  Mutalisk x2  
  133  11:12  Overseer  
  133  11:17  Roach x4  
  133  11:18  Roach x4  
  149  11:21  Hatchery  
  149  11:22  Overlord x3  
  149  11:23  Overlord x2  
  148  11:36  Mutalisk  
  150  11:41  Zerg Flyer Weapons Level 1  
  150  11:42  Zerg Flyer Armor Level 1  
  144  12:09  Extractor  
  144  12:11  Extractor  
  142  12:22  Extractor  
  141  12:24  Extractor  
  140  12:47  Drone x3  
  140  12:48  Drone x6  
  149  13:14  Mutalisk x8  
  149  13:15  Mutalisk x7  
  173  13:30  Mutalisk x5  
  183  13:38  Overlord x3  
  183  13:39  Overlord x2  
  161  14:00  Roach x2  
  161  14:01  Roach x8  
  98  14:52  Mutalisk  
  90  14:53  Mutalisk x8  
Show
View Real Time Build Order
Export as new Build Order

Oberg Terran - Winner!

Build Orders:  

Get SALT Encoding   

  12  0:00  SCV  
  13  0:13  SCV  
  14  0:22  Supply Depot  
  14  0:34  SCV  
  15  0:46  SCV  
  16  0:58  SCV, Barracks  
  16  1:03  Refinery  
  17  1:29  SCV  
  18  1:54  Barracks Reactor  
  18  1:55  Supply Depot  
  19  2:11  Orbital Command  
  18  2:26  Command Center  
  18  2:30  Supply Depot  
  18  2:35  Barracks  
  18  2:36  Barracks  
  18  2:40  Refinery  
  18  2:42  Marine x2  
  20  2:53  SCV  
  21  3:02  Supply Depot  
  21  3:05  SCV  
  21  3:26  SCV  
  22  3:29  Barracks Tech Lab x2  
  22  3:35  Supply Depot  
  22  3:38  SCV  
  23  3:42  Marine x2  
  25  3:52  SCV  
  25  3:53  Orbital Command  
  26  3:57  Combat Shield  
  26  3:58  Stimpack  
  26  4:01  Marine  
  26  4:02  Marauder  
  29  4:12  Engineering Bay  
  29  4:18  SCV  
  30  4:28  Marauder, Marine  
  30  4:30  SCV  
  34  4:33  SCV  
  35  4:41  Marauder  
  37  4:47  Marine x2  
  37  4:49  Marine  
  40  4:54  SCV x2  
  40  4:56  Terran Infantry Weapons Level 1  
  42  5:02  Marine  
  43  5:09  Engineering Bay  
  43  5:13  Marine  
  43  5:14  Marauder, Marine  
  47  5:21  Supply Depot  
  47  5:29  Factory  
  47  5:38  Engineering Bay  
  47  5:41  Terran Infantry Armor Level 1  
  47  5:50  Marauder, Marine x2  
  47  5:51  Marauder  
  47  5:56  SCV x2  
  55  6:03  Supply Depot  
  55  6:08  Marine x2  
  57  6:12  Factory Reactor  
  57  6:16  Starport  
  57  6:27  Marauder x2, Marine x2  
  57  6:32  Supply Depot  
  63  6:36  SCV x2  
  65  6:45  Marine x2  
  67  6:49  Armory  
  67  7:04  Factory Tech Lab  
  67  7:06  SCV  
  67  7:07  SCV  
  69  7:12  Marine  
  69  7:13  Marauder x2, Marine  
  75  7:17  Medivac x2  
  79  7:29  Supply Depot  
  79  7:30  Marine x2  
  81  7:38  Command Center  
  81  7:39  SCV x2  
  83  7:45  Terran Infantry Weapons Level 2  
  83  7:46  Terran Vehicle Weapons Level 1  
  83  7:54  Marauder, Marine  
  83  7:55  Marauder, Marine  
  89  8:02  Refinery  
  89  8:05  Refinery  
  89  8:06  SCV x2  
  89  8:11  Siege Tank  
  89  8:12  Marine  
  94  8:18  Supply Depot  
  95  8:28  Supply Depot  
  95  8:35  Barracks x2  
  86  9:20  Engineering Bay  
  86  9:24  Barracks Reactor  
  86  9:25  Barracks Tech Lab  
  86  9:29  Marauder, Marine x2  
  86  9:30  Marauder  
  92  9:32  Medivac x2  
  92  9:37  Terran Infantry Armor Level 2  
  96  9:40  SCV x2  
  96  9:43  Terran Vehicle Weapons Level 2  
  98  9:47  Marine x2  
  98  9:50  Marine  
  101  9:55  Orbital Command  
  101  10:03  Marauder  
  101  10:04  Marauder, Marine x2  
  101  10:05  Marine  
  101  10:07  Concussive Shells  
  108  10:25  Supply Depot  
  108  10:30  Marauder x2, Marine x5, Orbital Command  
  108  10:32  Siege Tank  
  120  10:48  Marine  
  121  11:04  Siege Tank  
  121  11:08  Marine  
  121  11:09  Marauder x3, Marine x3  
  134  11:13  Supply Depot  
  134  11:14  Supply Depot  
  134  11:15  Terran Infantry Weapons Level 3  
  134  11:26  Marine x2  
  134  11:27  Marine x2  
  134  11:28  Medivac  
  134  11:30  Marine  
  141  11:34  Marauder x2, SCV x2  
  141  11:39  Supply Depot  
  147  11:44  Marine  
  148  11:59  Supply Depot  
  148  12:03  Supply Depot  
  148  12:04  Marine  
  148  12:05  Marauder x2  
  148  12:06  SCV x2  
  148  12:07  SCV  
  156  12:19  Marine  
  156  12:20  Marauder, Marine  
  160  12:26  Marauder  
  159  13:14  Refinery  
  159  13:19  Refinery  
  157  13:26  Marauder x2, Marine x2  
  157  13:27  Marauder, Marine x2  
  166  13:35  Missile Turret  
  166  13:38  Missile Turret  
  166  13:44  Marine x3  
  166  13:45  Marine  
  166  13:46  Siege Tank  
  166  13:48  Marauder x2  
  161  14:18  Siege Tank  
  142  14:48  Marauder x3, Marine x4  
  142  14:50  Medivac, Siege Tank  
  142  14:51  Medivac  
  155  15:06  Marine x4  
  157  15:09  Marauder  
  163  15:25  Marauder x2, Marine x3  
  163  15:26  Marine  
Tags
 
Matchup
TvZ
Spawn Locations
Cross Positions
Add a new tag
Caveats
  • Supply blocks, unpowered buildings, or Contaminate may cause inaccurate times.
  • Supply counts are checked every 10 seconds.